 Dungeon Crawl Stone Soup version 0.31-a0-319-g4fced400ed (webtiles) character file.

Game seed: 10327985376666059437

115405 Jeffwins the Marksoctopus (level 16, -17/109 HPs)
             Began as an Octopode Wanderer on July 16, 2023.
             Was an Initiate of Gozag.
             Killed from afar by Asterion (37 damage)
             ... with an orb of electricity
             ... on level 2 of the Snake Pit on July 17, 2023.
             The game lasted 01:11:16 (21714 turns).

Jeffwins the Marksoctopus (Octopode Wanderer)      Turns: 21714, Time: 01:11:16

Health: -17/109    AC: 10    Str:  8    XL:     16   Next: 68%
Magic:  12/28      EV: 27    Int: 18    God:    Gozag
Gold:   639        SH:  0    Dex: 26    Spells: 1/31 levels left

rFire   . . .        a - +3 hand crossbow (flame)
rCold   + . .        (no shield)
rNeg    + + .        D - +1 hat
rPois   +            R - amulet of the Scarab {RegenMP +Blink rN+}
rElec   .            j - ring "Hobiet" {rN+ Dex+6}
rCorr   +            Z - ring of wizardry
SInv    +            y - ring of willpower
Will    ++...        O - +4 ring of protection
Stlth   ++++++       Y - +4 ring of slaying
HPRegen 1.18/turn    H - ring "Womuota" {AC+4 Dex+2 SInv}
MPRegen 0.61/turn    b - ring "Saaluups" {rCorr EV+5 Int-2 Dex+3}
                     C - ring of protection from cold

%: wizardry (x1)
@: lethally poisoned (-17 -> -18), about to teleport, very slightly contaminated
A: almost no armour, amphibious, 8 rings, camouflage 1, gelatinous body 1,
(nimble swimmer 1), tentacles, poison resistance, regeneration 1, weak 1
a: Renounce Religion, Evoke Blink, Potion Petition, Call Merchant, Bribe Branch


You were on level 2 of the Snake Pit.
You worshipped Gozag.
Gozag was pleased with you.
You visited 5 branches of the dungeon, and saw 24 of its levels.
You also visited: Sewer, Ice Cave and Volcano.

You collected 8587 gold pieces.
You spent 3964 gold pieces at shops.
You paid 3984 gold pieces to Gozag.


Innate Abilities, Weirdness & Mutations

You cannot wear most types of armour.
You are amphibious.
You can wear up to eight rings at the same time.
Your skin changes colour to match your surroundings (Stealth+).
Your rubbery body absorbs attacks. (AC +1, EV +1)
((You are camouflaged when in or above water. (Stealth+)))
You have tentacles for arms and can constrict up to eight enemies at once.
Your system is resistant to poisons. (rPois)
Your natural rate of healing is unusually fast.
You are weak. (Str -2)


   Skills:
 + Level 10.1 Fighting
 * Level 16.1 Ranged Weapons
 - Level 6.0 Throwing
 + Level 9.6 Dodging
 - Level 10.0 Stealth
 + Level 8.0 Spellcasting
 - Level 6.0 Conjurations
 + Level 3.5 Hexes
 + Level 3.1 Summonings
 + Level 1.9 Translocations
 * Level 12.3 Ice Magic
 - Level 6.0 Air Magic
 - Level 5.0 Earth Magic
 - Level 6.0 Poison Magic
 + Level 11.3 Evocations


You had one spell level left.
You knew the following spells:

 Your Spells              Type           Power      Damage    Failure   Level
c - Foxfire               Conj/Fire      72%        2x1d7     1%          1
d - Orb of Destruction    Conj           14%        9d7       93%         7
l - Lee's Rapid Deconstr  Erth           12%        3d9*      13%         5
m - Mephitic Cloud        Conj/Pois/Air  28%        N/A       1%          3
v - Summon Mana Viper     Hex/Summ       19%        N/A       26%         5
z - Ozocubu's Refrigerat  Ice            25%        4d13      21%         7
I - Blink                 Tloc           28%        N/A       2%          2

Your spell library contained the following spells:

 Spells                   Type           Power      Damage    Failure   Level
 Magic Dart               Conj           100%       1d8       1%          1
 Shock                    Conj/Air       100%       1d9       1%          1
 Call Imp                 Summ           36%        N/A       1%          2
 Ensorcelled Hibernation  Hex/Ice        70%        N/A       1%          2
 Static Discharge         Conj/Air       56%        2-5/arc   1%          2
 Ozocubu's Armour         Ice            51%        N/A       1%          3
 Summon Ice Beast         Ice/Summ       35%        N/A       1%          4
 Tukima's Dance           Hex            19%        N/A       2%          3
 Summon Guardian Golem    Hex/Summ       19%        N/A       3%          3
 Airstrike                Air            14%        2d(2-18)  3%          4
 Portal Projectile        Hex/Tloc       32%        N/A       4%          3
 Sublimation of Blood     Necr           7%         N/A       6%          2
 Inner Flame              Hex/Fire       13%        N/A       6%          3
 Summon Lightning Spire   Summ/Air       23%        N/A       6%          4
 Iskenderun's Mystic Bla  Conj/Tloc      21%        2d6       8%          4
 Iskenderun's Battlesphe  Conj           28%        2d8       9%          5
 Flame Wave               Conj/Fire      18%        2d7       12%         4
 Sticky Flame             Conj/Fire      18%        2d4       12%         4
 Petrify                  Tmut/Erth      16%        N/A       14%         4
 Manifold Assault         Tloc           14%        N/A       17%         4
 Passage of Golubria      Tloc           14%        N/A       17%         4
 Anguish                  Hex/Necr       6%         N/A       19%         4
 Irradiate                Conj/Tmut      9%         3d14      30%         5
 Borgnjor's Vile Clutch   Necr/Erth      8%         N/A       34%         5
 Yara's Violent Unravell  Hex/Tmut       6%         3d5       45%         5
 Leda's Unmaking          Conj/Erth      13%        9d3       50%         6
 Dispersal                Tloc           7%         N/A       93%         6
 Death Channel            Necr           3%         N/A       99%         6
 Spellforged Servitor     Conj/Summ      11%        N/A       99%         7
 Haunt                    Necr/Summ      6%         N/A       100%        7
 Monstrous Menagerie      Summ           9%         N/A       100%        7
 Disjunction              Tloc           7%         N/A       100%        8
 Infestation              Necr           3%         N/A       100%        8
 Animate Armour           Summ/Erth      Unusable   N/A       N/A         4
 Animate Dead             Necr           Unusable   N/A       N/A         4

Inventory:

Hand Weapons
 a - a +3 hand crossbow of flaming (weapon)
 c - the +8 arbalest of the Healing Ass {penet, rElec rPois rC-}
   (You bought it in a shop on level 2 of the Lair of Beasts)

   rC:        It makes you vulnerable to cold.
   rElec:     It insulates you from electricity.
   rPois:     It protects you from poison.
 X - the +4 rapier "Fycy" {heavy, rElec Dex+2}
   (You took it off a salamander on level 1 of the Snake Pit)

   Dex:       It affects your dexterity (+2).
   rElec:     It insulates you from electricity.
Missiles
 r - 48 poisoned darts
 v - a throwing net {=f}
 G - 2 curare-tipped darts {=f}
 N - 2 datura-tipped darts
Armour
 D - a +1 hat (worn)
Jewellery
 b - the ring "Saaluups" (on tentacle) {rCorr EV+5 Int-2 Dex+3}
   (You bought it in a shop on level 1 of the Snake Pit)

   [ring of evasion]

   EV:        It affects your evasion (+5).
   Int:       It affects your intelligence (-2).
   Dex:       It affects your dexterity (+3).
   rCorr:     It protects you from acid and corrosion.
 g - an amulet of regeneration
 j - the ring "Hobiet" (left tentacle) {rN+ Dex+6}
   (You acquired it on level 3 of the Dungeon)

   [ring of dexterity]

   Dex:       It affects your dexterity (+6).
   rN:        It protects you from negative energy.
 y - a ring of willpower (on tentacle)
 C - a ring of protection from cold (on tentacle)
 F - a ring of protection from fire
 H - the ring "Womuota" (on tentacle) {AC+4 Dex+2 SInv}
   (You bought it in a shop on level 2 of the Lair of Beasts)

   [ring of protection]

   AC:        It affects your AC (+4).
   Dex:       It affects your dexterity (+2).
   SInv:      It lets you see invisible.
 O - a +4 ring of protection (on tentacle)
 R - the amulet of the Scarab (around mantle) {RegenMP +Blink rN+}
   (You bought it in a shop on level 2 of the Lair of Beasts)

   [amulet of magic regeneration]

   It increases your rate of magic regeneration.
   rN:        It protects you from negative energy.
   +Blink:    It lets you blink.
 Y - a +4 ring of slaying (on tentacle)
 Z - a ring of wizardry (right tentacle)
Wands
 d - a wand of iceblast (10)
 t - a wand of polymorph (24)
 w - a wand of charming (8)
 L - a wand of light (20)
 S - a wand of flame (25)
Scrolls
 l - 4 scrolls of teleportation {@r4}
 o - 5 scrolls of enchant armour
 q - 3 scrolls of amnesia
 s - a scroll of silence {!r}
 A - 4 scrolls of vulnerability {!r}
 E - 2 scrolls of immolation {!r}
 I - 5 scrolls of fog
 M - a scroll of fear
 P - 3 scrolls of identify {@r1}
 U - 3 scrolls of poison
 V - 2 scrolls of summoning
 W - a scroll of enchant weapon
Potions
 f - 7 potions of heal wounds {@q2}
 h - 2 potions of berserk rage {!q}
 i - 17 potions of curing {@q1}
 k - 4 potions of might
 m - 3 potions of attraction {!q}
 n - 8 potions of cancellation
 u - 10 potions of ambrosia
 z - 2 potions of resistance
 B - 2 potions of enlightenment
 J - 2 potions of mutation {!q}
 K - 2 potions of brilliance
 Q - 2 potions of magic
Miscellaneous
 e - a piece from Xom's chessboard (15/15)

Dungeon Overview and Level Annotations

Branches:
Dungeon (14/15)            Temple (1/1) D:7            Lair (5/5) D:10
 Shoals (0/4) Lair:3        Snake (2/4) Lair:3        Slime (0/5) Lair:4
    Orc (2/2) D:11            Elf (0/3) Orc:2        Vaults (0/5) D:14
  Sewer (visited)           IceCv (visited)         Volcano (visited)

Altars:
Ashenzari
Cheibriados
Dithmenos
Elyvilon
Fedhas
Gozag
Hepliaklqana
Kikubaaqudgha
Makhleb
Nemelex Xobeh
Okawaru
Qazlal
Ru
Sif Muna
Trog
Uskayaw
Vehumet
Wu Jian
Xom
Yredelemnul
Zin
The Shining One
Jiyva

Shops:
D:4 :   D:8 :   Lair:2 :=(:   Snake:1 :!=?[

Annotations:
D:14 4 transporters
Snake:2 Asterion
Orc:2 Donald, Rupert

# ###. ##.##.
##....
#.....######.....#
.........#.....S.
.....$.....#....##.
......##.....###...
........@........#
...........$....#
##........SH....#
.......2####..S.##.
.........$##.......
....#......$.......
......###.......$..
###### ##.$2.#....
##..H.....


You could see Asterion (fast), a green death (summoned), an anaconda (fleeing),
a mana viper (fleeing, slow) and a black mamba (fleeing).


Message History

Unknown command.
Okay, then.
As you read the scroll of fear, it crumbles to dust.
You assume a fearsome visage.
The naga ritualist looks frightened!
The anaconda looks frightened!
The mana viper looks frightened!
The black mamba looks frightened!
You feel sick. The anaconda loses its grip on you.
The anaconda is distracted by your dazzling golden aura.
Unknown command.
Unknown command.
You feel sick.
Unknown command.
As you read the scroll of teleportation {@r4}, it crumbles to dust.
You feel strangely unstable.
You feel sick.
The black mamba is no longer moving slowly.
The green death gestures at you. The poison arrow hits you!!
You are more poisoned.
You partially resist.
* * * LOW HITPOINT WARNING * * *
You feel very sick.
Asterion prays to Makhleb.
Asterion seems to speed up.
Unknown command.
You feel sick.
Asterion says, "Enter my house and I will deliver you from evil."
Asterion conjures a destructive force in the name of Makhleb!
The orb of electricity explodes!
The orb of electricity engulfs you!!!
You die...
Your body crumbles into a pile of gold.

Skill      XL: |  1  2  3  4  5  6  7  8  9 10 11 12 13 14 15 16 |
---------------+-------------------------------------------------+-----
Ranged Weapons | 2 4 5 6 7 9 10 11 12 14 15 16 | 16.1
Dodging        | 1 2 3 4 5 6 7 8 9 |  9.6
Stealth        | 5 6 7 8 9 10 | 10.0
Evocations     | 5 6 7 8 9 10 11 | 11.3
Fighting       | 3 4 5 6 7 8 9 10 | 10.1
Throwing       | 1 2 3 4 5 6 |  6.0
Ice Magic      | 2 3 5 6 7 9 10 11 12 | 12.3
Spellcasting   | 1 2 3 4 5 6 7 8 |  8.0
Poison Magic   | 2 3 4 5 6 |  6.0
Conjurations   | 2 3 5 6 |  6.0
Air Magic      | 1 2 3 4 6 |  6.0
Earth Magic    | 4 5 |  5.0
Hexes          | 2 3 |  3.5
Summonings     | 1 3 |  3.1
Translocations | 1 |  1.9

Action                     |  1- 3 |  4- 6 |  7- 9 | 10-12 | 13-15 | 16-18 || total
---------------------------+-------+-------+-------+-------+-------+-------++-------
  Melee: Dagger            |    73 |    42 |     3 |       |       |       ||   118
         Tentacles         |    18 |     3 |     6 |       |       |       ||    27
         Constrict         |    15 |    10 |     6 |       |       |       ||    31
         Punch             |     1 |       |       |       |       |       ||     1
         Rapier            |       |       |    26 |       |       |       ||    26
         Unarmed           |       |       |       |       |    11 |       ||    11
   Fire: Sling             |       |   110 |   350 |  1181 |   105 |       ||  1746
         Hand crossbow     |       |       |       |       |   914 |   281 ||  1195
         Shortbow          |       |       |       |       |     1 |       ||     1
  Throw: Dart              |       |     1 |       |     8 |     5 |       ||    14
   Cast: Mephitic Cloud    |       |       |       |    10 |     2 |     4 ||    16
         Foxfire           |       |       |       |     1 |     4 |       ||     5
         Ozocubu's Refrige |       |       |       |       |       |    15 ||    15
         Blink             |       |       |       |       |       |     1 ||     1
 Invoke: Call Merchant     |       |       |       |       |     2 |     2 ||     4
  Evoke: Piece from Xom's  |       |     8 |     7 |     3 |     5 |       ||    23
         Wand              |       |       |    10 |    36 |    26 |     1 ||    73
    Use: Potion            |     1 |       |       |       |     1 |       ||     2
         Scroll            |       |    12 |     5 |     5 |    13 |     5 ||    40
   Stab: Sleeping          |    10 |     3 |     1 |       |       |       ||    14
         Distracted        |       |     2 |       |       |       |       ||     2
         Petrified         |       |     4 |     3 |       |     8 |       ||    15
         Paralysed         |       |       |     2 |       |       |       ||     2
 Armour: Skin              |     3 |     3 |    19 |   110 |   134 |    33 ||   302
  Dodge: Dodged            |    40 |    63 |   168 |   499 |   560 |   118 ||  1448

Levels and vault maps discovered:
D:1:      wander_arrival_chamber, layout_loops_ring,
          shapermc_ecumenical_altar_rom_forum, st_stairs_12
D:2:      layout_rooms, grunt_ministairs_15
D:3:      layout_loops_cross, gup_sewer_entry_glass,
          nicolae_twisty_statue_hallways, uniq_grinder
D:4:      gammafunk_wand_slinger, layout_cave_pools,
          mainiacjoe_overflow_alcove_2, serial_shops, shop, uniq_duvessa
D:5:      layout_basic, uniq_ijyb, uniq_edmund, uniq_blork_the_orc
D:6:      layout_basic, general_overflow_altar, gammafunk_ghost_nasty_kobolds,
          uniq_prince_ribbit1
D:7:      layout_basic, led_sif_book, nicolae_overflow_crystal_walls, tso_altar,
          minmay_temple_entry_offerings, abandoned_shop, uniq_maggie
D:8:      layout_rooms, mainiacjoe_overflow_catwalk, serial_shops, shop
D:9:      layout_basic, lightli_temple_of_fire, special_room [special_room_bee],
          minivault_8
D:10:     layout_basic, david_lair_generic, bh_walls_and_bars
D:11:     layout_cave_pools, erik_orc_1, skrybe_limestone_x,
          hangedman_decor_clover_reticule, uniq_grum
D:12:     layout_cave_pools, kennysheep_generic_room_9, uniq_urug
D:13:     layout_basic, portal_ice_cave_rime
D:14:     dreamdust_wu_jian_sword_trials, layout_loops_corners, erik_vaults_1,
          minmay_circle_x
Temple:   hellmonk_temple_two_chambers
Lair:1:   layout_regular_city, grunt_megastairs_3
Lair:2:   layout_big_grid
Lair:3:   layout_regular_city, minmay_shoals_entry_hut,
          nicolae_snake_entry_squirm, enter_volcano_1, uniq_kirke
Lair:4:   layout_big_grid, slime_entry_1
Lair:5:   hangedman_lair_caniforms_friends, layout_long_grid,
          guppyfry_lair_end_dragon, uniq_josephine
Snake:1:  layout_layer_cave, serial_shops, shop,
          nicolae_shop_tiny_real_fake_doors, shop, nicolae_shop_rolling_square,
          nicolae_shop_waterfront, nicolae_triple_integral
Snake:2:  layout_misc_corridors, ebering_ghost_rock_garden,
          nicolae_shop_sticking_my_neck_out, uniq_vashnia, uniq_asterion
Orc:1:    layout_caves, basic_altar, mines2_david, uniq_snorg
Orc:2:    st_orc_mages, layout_caves, basic_altar, uniq_rupert, uniq_azrael,
          uniq_donald

Notes
Turn   | Place    | Note
-------+----------+-------------------------------------------
     0 | D:1      | Jeffwins the Octopode Wanderer began the quest for the Orb.
     0 | D:1      | Jeffwins set off with the following items: a +0 dagger, an
                  | atropa-tipped dart, 2 datura-tipped darts, a +0 sling, a
                  | piece from Xom's chessboard (15/15), a potion of mutation
                  | {!q}.
     0 | D:1      | Reached XP level 1. HP: 14/14 MP: 1/1
     0 | D:1      | Gained mutation: You are weak. (Str -2) [potion of
                  | mutation]
     0 | D:1      | Gained mutation: Your system is resistant to poisons.
                  | (rPois) [potion of mutation]
     0 | D:1      | Gained mutation: Your natural rate of healing is unusually
                  | fast. [potion of mutation]
    75 | D:1      | Found a faded altar of an unknown god.
    92 | D:1      | Got Plato's Handbook of Thunder
   115 | D:1      | Reached XP level 2. HP: 19/19 MP: 2/2
   274 | D:1      | Reached XP level 3. HP: 24/24 MP: 3/3
   612 | D:2      | Reached skill level 2 in Ranged Weapons
   612 | D:2      | Reached skill level 1 in Dodging
   718 | D:2      | Reached XP level 4. HP: 18/30 MP: 4/4
  1064 | D:3      | Identified 3 scrolls of acquirement
  1066 | D:3      | Acquired a manual of Ranged Weapons
  1068 | D:3      | Acquired the +6 demon whip of Sadir {elec, Fly Str+4}
  1069 | D:3      | Acquired the ring "Hobiet" {rN+ Dex+6}
  1099 | D:3      | Reached XP level 5. HP: 35/35 MP: 5/5
  1188 | D:3      | Found a glowing drain.
  1206 | D:3      | Reached skill level 3 in Ranged Weapons
  1213 | Sewer    | Entered a sewer
  1233 | Sewer    | Reached skill level 5 in Stealth
  1285 | Sewer    | Reached skill level 5 in Evocations
  1413 | Sewer    | Reached skill level 2 in Dodging
  1464 | Sewer    | Reached skill level 3 in Fighting
  1978 | D:3      | Noticed Grinder
  2122 | D:3      | Killed Grinder
  2123 | D:3      | Reached skill level 4 in Ranged Weapons
  2123 | D:3      | Reached skill level 1 in Throwing
  2123 | D:3      | Reached XP level 6. HP: 41/42 MP: 6/6
  2287 | D:4      | Found a transporter.
  2418 | D:4      | Noticed Duvessa
  2421 | D:4      | Noticed Dowan
  2423 | D:4      | Killed Dowan
  2424 | D:4      | Reached skill level 5 in Ranged Weapons
  2424 | D:4      | Reached XP level 7. HP: 46/46 MP: 7/7
  2455 | D:4      | Killed Duvessa
  2476 | D:4      | Found Feizivud's Book Emporium.
  2536 | D:4      | Found a transporter.
  2572 | D:4      | Reached skill level 6 in Stealth
  2695 | D:4      | Found a white marble altar of Elyvilon.
  2891 | D:5      | Entered Level 5 of the Dungeon
  2921 | D:5      | Noticed Ijyb
  2928 | D:5      | Killed Ijyb
  2965 | D:5      | Reached skill level 3 in Dodging
  3019 | D:5      | Reached skill level 6 in Ranged Weapons
  3019 | D:5      | Reached skill level 2 in Throwing
  3049 | D:5      | Reached XP level 8. HP: 42/54 MP: 8/8
  3135 | D:5      | Noticed Edmund
  3151 | D:5      | Killed Edmund
  3152 | D:5      | Reached skill level 4 in Fighting
  3307 | D:5      | Identified a potion of resistance
  3451 | D:5      | Reached skill level 6 in Evocations
  3520 | D:5      | Noticed Blork the orc
  3525 | D:5      | Killed Blork the orc
  3526 | D:5      | Reached skill level 7 in Ranged Weapons
  3526 | D:5      | Reached skill level 1 in Ice Magic
  3927 | D:6      | Found a runed translucent gate.
  3927 | D:6      | Found a runed translucent gate.
  3929 | D:6      | Found a runed translucent gate.
  3930 | D:6      | Noticed hgbash's ghost (novice SpSh)
  3930 | D:6      | Noticed a kobold demonologist
  4095 | D:6      | Reached skill level 1 in Spellcasting
  4148 | D:6      | Learned a level 3 spell: Mephitic Cloud
  4156 | D:6      | Reached skill level 3 in Throwing
  4270 | D:6      | Noticed Prince Ribbit
  4298 | D:6      | Reached skill level 2 in Ice Magic
  4302 | D:6      | Killed Prince Ribbit
  4303 | D:6      | Reached skill level 7 in Stealth
  4303 | D:6      | Reached XP level 9. HP: 59/59 MP: 9/11
  4375 | D:6      | Reached skill level 1 in Poison Magic
  4400 | D:6      | Found a hide-covered altar of Uskayaw.
  4470 | D:6      | Reached skill level 8 in Ranged Weapons
  4475 | D:6      | Reached skill level 4 in Dodging
  4509 | D:6      | Reached skill level 1 in Conjurations
  4836 | D:7      | Noticed a hornet
  4837 | D:7      | Reached skill level 1 in Air Magic
  4842 | D:7      | Killed a hornet
  4843 | D:7      | Reached skill level 3 in Ice Magic
  4846 | D:7      | Found a glowing golden altar of the Shining One.
  5205 | D:7      | Noticed Maggie
  5209 | D:7      | Killed Maggie
  5210 | D:7      | Reached skill level 2 in Spellcasting
  5210 | D:7      | Reached skill level 2 in Poison Magic
  5221 | D:7      | Upgraded the game from 0.31-a0-303-gdc8c9485ea to
                  | 0.31-a0-319-g4fced400ed
  5224 | D:7      | Found a shimmering altar of Xom.
  5272 | D:7      | Found a staircase to the Ecumenical Temple.
  5283 | Temple   | Entered the Ecumenical Temple
  5292 | Temple   | Became a worshipper of Gozag Ym Sagoz the Greedy
  5396 | D:7      | Found a shimmering blue altar of Sif Muna.
  5457 | D:7      | Got Sif Muna's Book of the Salamander
  5512 | D:7      | Learned a level 1 spell: Foxfire
  5520 | D:7      | Learned a level 7 spell: Orb of Destruction
  5575 | D:8      | Reached skill level 2 in Conjurations
  5582 | D:8      | Reached skill level 5 in Fighting
  5619 | D:8      | Found Ryxkuuf's Book Shop.
  5669 | D:8      | Reached skill level 9 in Ranged Weapons
  5678 | D:8      | Reached XP level 10. HP: 66/66 MP: 13/13
  5687 | D:8      | Reached skill level 4 in Ice Magic
  5687 | D:8      | Reached skill level 2 in Air Magic
  5733 | D:8      | Reached skill level 4 in Throwing
  5857 | D:8      | Found a broken altar of Ashenzari.
  6197 | D:9      | Reached skill level 3 in Poison Magic
  6204 | D:9      | Reached skill level 8 in Stealth
  6204 | D:9      | Reached skill level 3 in Conjurations
  6217 | D:9      | Reached skill level 7 in Evocations
  6264 | D:9      | Noticed a molten gargoyle
  6307 | D:9      | Noticed a molten gargoyle
  6308 | D:9      | Noticed a molten gargoyle
  6308 | D:9      | Noticed a molten gargoyle
  6311 | D:9      | Killed a molten gargoyle
  6311 | D:9      | Killed a molten gargoyle
  6312 | D:9      | Reached skill level 5 in Dodging
  6312 | D:9      | Killed a molten gargoyle
  6315 | D:9      | Killed a molten gargoyle
  6316 | D:9      | Reached skill level 3 in Spellcasting
  6356 | D:9      | Reached skill level 10 in Ranged Weapons
  6410 | D:9      | Reached skill level 5 in Ice Magic
  6444 | D:9      | Reached XP level 11. HP: 62/72 MP: 10/15
  6476 | D:9      | Reached skill level 4 in Conjurations
  6478 | D:9      | Reached skill level 3 in Air Magic
  6750 | D:9      | Reached skill level 4 in Poison Magic
  7148 | D:9      | Found a burning altar of Makhleb.
  7254 | D:10     | Entered Level 10 of the Dungeon
  7451 | D:10     | Reached skill level 5 in Throwing
  7814 | D:10     | Reached skill level 6 in Fighting
  7816 | D:10     | Found a staircase to the Lair.
  8251 | D:11     | Noticed a cyclops
  8386 | D:11     | Reached skill level 6 in Ice Magic
  8605 | D:10     | Reached skill level 11 in Ranged Weapons
  8706 | D:11     | Noticed Grum
  8739 | D:10     | Reached skill level 9 in Stealth
  8765 | D:11     | Killed Grum
  8766 | D:11     | Reached skill level 5 in Conjurations
  8832 | D:11     | HP: 7/72 [shot self (25)]
  8833 | D:11     | Killed a cyclops
  8842 | D:11     | Noticed a cyclops
  8890 | D:11     | Killed a cyclops
  8938 | D:11     | Noticed a boulder beetle
  8960 | D:11     | Killed a boulder beetle
  8961 | D:11     | Reached XP level 12. HP: 52/79 MP: 17/17
  9210 | D:11     | Found a staircase to the Orcish Mines.
  9216 | D:11     | Identified the +2 animal skin of Teyzef {rPois rF+ Slay+2}
  9474 | D:12     | Noticed Urug
  9519 | Lair:1   | Entered Level 1 of the Lair of Beasts
  9529 | Lair:1   | Reached skill level 4 in Spellcasting
  9529 | Lair:1   | Reached skill level 4 in Air Magic
  9549 | Lair:1   | Reached skill level 6 in Dodging
  9554 | Lair:1   | Reached skill level 5 in Poison Magic
  9583 | Lair:1   | Reached skill level 8 in Evocations
  9687 | Lair:1   | Reached skill level 7 in Ice Magic
  9711 | Lair:1   | Reached skill level 6 in Conjurations
  9836 | Lair:1   | Reached skill level 12 in Ranged Weapons
  9836 | Lair:1   | Reached skill level 6 in Throwing
 10839 | Lair:2   | Reached skill level 7 in Fighting
 10987 | Lair:2   | Noticed a catoblepas
 11017 | Lair:2   | Killed a catoblepas
 11018 | Lair:2   | Reached skill level 10 in Stealth
 11018 | Lair:2   | Reached XP level 13. HP: 86/86 MP: 20/20
 11340 | Lair:3   | Found a staircase to the Shoals.
 11376 | Lair:3   | Noticed Kirke
 11383 | Lair:2   | Reached skill level 5 in Air Magic
 11421 | Lair:2   | Bought the ring "Womuota" {AC+4 Dex+2 SInv} for 565 gold
                  | pieces
 11421 | Lair:2   | Bought a ring of protection from fire for 275 gold pieces
 11677 | Lair:3   | Killed Kirke
 11678 | Lair:3   | Reached skill level 8 in Ice Magic
 11678 | Lair:3   | Reached skill level 6 in Poison Magic
 11827 | Lair:3   | Reached skill level 13 in Ranged Weapons
 11830 | Lair:3   | Reached skill level 5 in Spellcasting
 11904 | Lair:3   | Found a dark tunnel.
 11912 | Volcano  | Entered a volcano
 12215 | Lair:3   | Learned a level 7 spell: Ozocubu's Refrigeration
 12327 | Lair:3   | Found a staircase to the Snake Pit.
 12548 | Lair:3   | Reached skill level 7 in Dodging
 12803 | Lair:4   | Reached skill level 9 in Evocations
 12948 | Lair:4   | Found a staircase to the Slime Pits.
 12949 | Lair:4   | Found a viscous altar of Jiyva.
 13031 | Lair:4   | Reached skill level 9 in Ice Magic
 13056 | Lair:4   | Reached skill level 14 in Ranged Weapons
 13066 | Lair:3   | Reached skill level 6 in Air Magic
 13115 | Lair:3   | Reached XP level 14. HP: 48/93 MP: 22/22
 13161 | Lair:3   | Reached skill level 8 in Fighting
 13340 | Lair:3   | Reached skill level 6 in Spellcasting
 13511 | Lair:3   | HP: 3/94 [death yak (19)]
 13899 | Lair:5   | Entered Level 5 of the Lair of Beasts
 13924 | Lair:5   | Reached skill level 8 in Dodging
 13924 | Lair:5   | Reached skill level 10 in Ice Magic
 14031 | Lair:5   | Noticed Josephine
 14035 | Lair:5   | Killed Josephine
 14252 | Lair:5   | Reached skill level 10 in Evocations
 14476 | Lair:5   | Reached skill level 15 in Ranged Weapons
 14501 | Lair:5   | Reached XP level 15. HP: 94/100 MP: 25/25
 14517 | Lair:5   | Reached skill level 9 in Fighting
 14624 | Lair:5   | Learned a level 5 spell: Lee's Rapid Deconstruction
 14689 | Lair:5   | Reached skill level 1 in Earth Magic
 14778 | Lair:5   | Reached skill level 11 in Ice Magic
 14887 | Lair:5   | Reached skill level 7 in Spellcasting
 14895 | Lair:5   | Reached skill level 2 in Earth Magic
 15402 | Lair:5   | Reached skill level 3 in Earth Magic
 15827 | Lair:5   | Learned a level 5 spell: Summon Mana Viper
 15968 | D:12     | Killed Urug
 16392 | D:12     | Reached skill level 1 in Hexes
 16584 | D:13     | Reached skill level 9 in Dodging
 16634 | D:13     | Found a frozen archway.
 16653 | IceCv    | Entered an ice cave
 16824 | IceCv    | Reached skill level 1 in Summonings
 16867 | IceCv    | Found an ancient bone altar of Kikubaaqudgha.
 16874 | IceCv    | Reached skill level 4 in Earth Magic
 17532 | D:13     | Reached skill level 2 in Hexes
 17899 | D:14     | Reached XP level 16. HP: 77/108 MP: 27/27
 17983 | D:14     | Found a transporter.
 17983 | D:14     | Found an ornate altar of the Wu Jian Council.
 18107 | D:14     | Found a transporter.
 18183 | D:14     | Found an ornate altar of the Wu Jian Council.
 18184 | D:14     | Found a transporter.
 18227 | D:14     | Reached skill level 2 in Summonings
 18609 | D:14     | Found a gate to the Vaults.
 18774 | D:14     | Found a transporter.
 19269 | D:6      | Killed hgbash's ghost
 19270 | D:6      | Reached skill level 11 in Evocations
 19293 | D:6      | Reached skill level 5 in Earth Magic
 19479 | Orc:1    | Entered Level 1 of the Orcish Mines
 19867 | Orc:1    | Reached skill level 12 in Ice Magic
 20170 | Lair:2   | Bought the amulet of the Scarab {RegenMP +Blink rN+} for
                  | 530 gold pieces
 20183 | Lair:2   | Bought the +8 arbalest of the Healing Ass {penet, rElec
                  | rPois rC-} for 1060 gold pieces
 20185 | Lair:2   | Bought an Inescapable Atlas for 256 gold pieces
 20188 | Lair:2   | Learned a level 2 spell: Blink
 20316 | Orc:2    | Entered Level 2 of the Orcish Mines
 20316 | Orc:2    | Noticed Rupert
 20316 | Orc:2    | Identified a +0 crystal plate armour
 20316 | Orc:2    | Noticed Donald
 20316 | Orc:2    | Found a staircase to the Elven Halls.
 20636 | Snake:1  | Entered Level 1 of the Snake Pit
 20732 | Snake:1  | Found Zutt's Antique Armour Shoppe.
 20790 | Snake:1  | Reached skill level 3 in Hexes
 20794 | Snake:1  | Reached skill level 16 in Ranged Weapons
 20925 | Snake:1  | Reached skill level 1 in Translocations
 20969 | Snake:1  | Found Efuby's Book Boutique.
 20985 | Snake:1  | Found Beedeesm's Distillery.
 20997 | Snake:1  | Bought a potion of heal wounds for 85 gold pieces
 20997 | Snake:1  | Bought a potion of curing for 51 gold pieces
 20997 | Snake:1  | Bought a potion of curing for 51 gold pieces
 20997 | Snake:1  | Bought a potion of curing for 51 gold pieces
 21053 | Snake:1  | Reached skill level 10 in Fighting
 21078 | Snake:1  | Found Beelun's Magic Scroll Shop.
 21084 | Snake:1  | Bought a scroll of enchant weapon for 105 gold pieces
 21084 | Snake:1  | Bought a scroll of summoning for 133 gold pieces
 21084 | Snake:1  | Bought a scroll of teleportation for 42 gold pieces
 21249 | Snake:1  | Identified the +4 rapier "Fycy" {heavy, rElec Dex+2}
 21350 | Snake:1  | Found Iwuiwodey's Jewellery Shoppe.
 21358 | Snake:1  | Bought the ring "Saaluups" {rCorr EV+5 Int-2 Dex+3} for 760
                  | gold pieces
 21594 | Snake:1  | Reached skill level 3 in Summonings
 21670 | Snake:2  | Reached skill level 8 in Spellcasting
 21702 | Snake:2  | Noticed Asterion
 21714 | Snake:2  | Killed from afar by Asterion

Vanquished Creatures
  Kirke (Lair:3)
  An orc warlord (Orc:1)
  A fire dragon (Lair:5)
  Josephine (Lair:5)
  4 hydras
  3 boulder beetles
  4 anacondas
  2 dancing weapons (D:14)
  2 catoblepae
  3 centaur warriors
  20 death yaks
  2 naga warriors (Snake:1)
  A tengu warrior (D:14)
  Urug (D:12)
  3 shock serpents
  A salamander mystic (Snake:1)
  2 skysharks
  A swamp dragon (Lair:5)
  A naga ritualist (Snake:1)
  A lindwurm (Lair:4)
  An ugly thing (IceCv)
  2 orc knights
  A necromancer (IceCv)
  2 orc sorcerers
  2 mana vipers (Snake:1)
  A manticore (D:13)
  A deep elf pyromancer (D:14)
  3 cyclopes
  7 salamanders
  12 black mambas
  An ice statue (IceCv)
  26 elephants
  15 cane toads
  6 naga magi (Snake:1)
  3 molten gargoyles (D:9)
  A torpor snail (Lair:5)
  2 kobold demonologists
  Maggie (D:7)
  2 gargoyles
  2 unseen horrors
  10 komodo dragons
  2 rime drakes (D:13)
  A tengu conjurer (D:14)
  3 freezing wraiths (IceCv)
  3 anaconda simulacra (IceCv)
  10 trolls
  10 ice devils (IceCv)
  The ghost of hgbash the Mimic, a novice SpSh (D:6)
  A tarantella (shapeshifter) (D:14)
  A hornet (D:7)
  10 polar bears (Lair:5)
  A queen bee (D:9)
  Grinder (D:3)
  Prince Ribbit (D:6)
  9 dream sheep
  3 raiju (Lair:5)
  A snapping turtle (Lair:3)
  17 blink frogs
  19 slime creatures
  A vampire (D:9)
  3 dire elephant simulacra (IceCv)
  8 wraiths
  48 yaks
  4 basilisks
  2 wyverns
  3 fire bats (Volcano)
  3 hogs
  Grum (D:11)
  6 wargs
  12 vampire mosquitoes
  4 steam dragons
  Edmund (D:5)
  2 death yak simulacra (IceCv)
  A harpy simulacrum (IceCv)
  15 hell hounds
  11 nagas
  5 acid dragons
  A hydra simulacrum (IceCv)
  14 water moccasins
  Duvessa (D:4)
  An ice beast (D:5)
  13 black bears
  13 orc warriors
  2 swamp drakes
  A sky beast (D:5)
  6 ogres
  15 wolves
  5 centaurs
  A phantom (D:6)
  10 kobold brigands
  Blork the orc (D:5)
  12 bullfrogs
  4 gnoll sergeants
  5 cane toad simulacra (IceCv)
  A scorpion (D:6)
  2 two-headed ogre simulacra (IceCv)
  3 wights (D:8)
  33 killer bees
  5 elephant simulacra (IceCv)
  2 jellies
  2 howler monkeys
  A lava snake (D:9)
  3 hounds
  7 orc priests
  A gnoll bouda (D:9)
  2 sleepcaps
  8 iguanas
  Ijyb (D:5)
  14 orc wizards
  4 hell rats (Lair:5)
  6 polar bear simulacra (IceCv)
  A spriggan simulacrum (IceCv)
  2 wolf simulacra (IceCv)
  21 gnolls
  19 adders
  2 naga simulacra (IceCv)
  4 shadow imps (D:4)
  An ufetubus (IceCv)
  2 dart slugs
  47 orcs
  6 ball pythons
  A bat (D:3)
  3 endoplasms
  3 giant cockroaches
  5 goblins
  9 hobgoblins
  2 jackals (D:2)
  24 kobolds
  3 quokkas
  5 frilled lizards
  5 rats
745 creatures vanquished.

Vanquished Creatures (collateral kills)
  6 elephants (Lair:1)
  A cane toad (Lair:1)
  7 yaks
  A dire elephant simulacrum (IceCv)
  A steam dragon (D:8)
  A bullfrog (Lair:3)
  A scorpion (Lair:1)
  Dowan (D:4)
  3 killer bees
22 creatures vanquished.

Vanquished Creatures (others)
  An elephant (Lair:1)
  A molten gargoyle (D:9)
  A yak (Lair:1)
  A water moccasin (Lair:1)
  A bullfrog (D:8)
  2 kobolds
  9 foxfires
16 creatures vanquished.

Grand Total: 783 creatures vanquished

Table legend: (Time is in decaauts)
 A = Elapsed time spent in this place.
 B = Non-inter-level travel time spent in this place.
 C = Inter-level travel time spent in this place.
 D = Time resting spent in this place.
 E = Time spent auto-exploring this place.
 F = Levels seen in this place.
 G = Mean time per level.
                   A        B        C        D        E       F      G
               +--------+--------+--------+--------+--------+-----+--------+
         Total |  21819 |  20034 |   1785 |    973 |  13122 |  27 |  808.1 |
       Dungeon |  12459 |  11371 |   1088 |    510 |   7878 |  14 |  889.9 |
        Temple |     18 |     10 |      8 |      0 |      0 |   1 |   18.0 |
          Lair |   6385 |   5832 |    553 |    418 |   3343 |   5 | 1277.0 |
     Snake Pit |   1009 |    981 |     28 |      0 |    773 |   2 |  504.5 |
  Orcish Mines |    744 |    638 |    106 |     26 |    480 |   2 |  372.0 |
         Sewer |    376 |    376 |      0 |      0 |    239 |   1 |  376.0 |
      Ice Cave |    537 |    537 |      0 |      6 |    295 |   1 |  537.0 |
       Volcano |    288 |    288 |      0 |     13 |    114 |   1 |  288.0 |
               +--------+--------+--------+--------+--------+-----+--------+

Top non-repeatable levels by time:
  Lair:5: 2039 daAuts
  Lair:3: 1622 daAuts
    D:10: 1525 daAuts
  Lair:1: 1242 daAuts
    D:14: 1221 daAuts
     D:9: 1176 daAuts
    D:11: 1159 daAuts
     D:5: 1025 daAuts
 Snake:1: 960 daAuts
     D:6: 897 daAuts
    D:13: 877 daAuts
     D:7: 868 daAuts
     D:3: 865 daAuts
  Lair:2: 809 daAuts
   Orc:1: 677 daAuts

Table legend:
 A = Non-vault XP
 B = Vault XP
 C = Vault XP percentage of total XP
 D = Non-vault monster count
 E = Vault monster count
 F = Vault count percentage of total count
                 A         B        C        D         E       F
            +---------+---------+-------+---------+---------+-------
      Total |  118441 |   46424 |  28.2 |     506 |     262 |  34.1
            +---------+---------+-------+---------+---------+-------
        D:1 |      46 |       1 |   2.1 |      25 |       1 |   3.8
        D:2 |      91 |       6 |   6.2 |      15 |       3 |  16.7
        D:3 |      34 |     298 |  89.8 |       6 |       3 |  33.3
        D:4 |      78 |     301 |  79.4 |       9 |       7 |  43.8
        D:5 |     647 |     301 |  31.8 |      12 |       3 |  20.0
        D:6 |     656 |    1617 |  71.1 |      18 |      10 |  35.7
        D:7 |     885 |     458 |  34.1 |       9 |       3 |  25.0
        D:8 |    1424 |       0 |   0.0 |      24 |       0 |   0.0
        D:9 |    3397 |    3250 |  48.9 |      38 |      29 |  43.3
       D:10 |    1882 |     850 |  31.1 |      16 |       5 |  23.8
       D:11 |    4076 |     846 |  17.2 |      17 |      19 |  52.8
       D:12 |    4550 |    1339 |  22.7 |      19 |       3 |  13.6
       D:13 |    4237 |     739 |  14.9 |      15 |       2 |  11.8
       D:14 |    5412 |    4201 |  43.7 |      15 |       6 |  28.6
     Lair:1 |    9574 |    1033 |   9.7 |      34 |       5 |  12.8
     Lair:2 |    3867 |     196 |   4.8 |      10 |       1 |   9.1
     Lair:3 |   16367 |    2574 |  13.6 |      33 |       7 |  17.5
     Lair:4 |   11115 |       0 |   0.0 |      33 |       0 |   0.0
     Lair:5 |   25746 |   16097 |  38.5 |      74 |      76 |  50.7
    Snake:1 |   15149 |       0 |   0.0 |      32 |       0 |   0.0
    Snake:2 |    3879 |       0 |   0.0 |       6 |       0 |   0.0
      Orc:1 |    4438 |     145 |   3.2 |      34 |       5 |  12.8
      Orc:2 |     891 |       0 |   0.0 |      12 |       0 |   0.0
      Sewer |       0 |     112 | 100.0 |       0 |      14 | 100.0
      IceCv |       0 |    9647 | 100.0 |       0 |      51 | 100.0
    Volcano |       0 |    2413 | 100.0 |       0 |       9 | 100.0
            +---------+---------+-------+---------+---------+-------
